 Dungeon Crawl Stone Soup version 0.32-a0-629-g87aaac5c70 (webtiles) character file.

Game seed: 9104210442145710943

1421 flinch the Spear-Bearer (level 8, -1/53 (58) HPs)
             Began as a Coglin Gladiator on Mar 6, 2024.
             Was a Priest of Beogh.
             Slain by Oreg the orc apostle
             ... wielding the +6 dagger "Sarcophage" {drain, rF+ rC+ Will+}
              (3 damage)
             ... on level 6 of the Dungeon.
             The game lasted 00:12:22 (5091 turns).

flinch the Spear-Bearer (Coglin Gladiator)          Turns: 5091, Time: 00:12:23

HP:   -1/53 (58)    AC: 10    Str: 17    XL:     8   Next: 72%
MP:   9/9           EV:  8    Int:  8    God:    Beogh [***...]
Gold: 120           SH:  0    Dex: 15    Spells: 7/7 levels left

rFire   + . .        x - +1 trident (vamp) {Luis}
rCold   + . .        E - +4 spear (freeze) {Ning}
rNeg    . . .        f - +0 chain mail
rPois   .            c - +0 helmet
rElec   .            g - scarf {rC+ rF+}
rCorr   .            y - +0 pair of gloves
SInv    .            (no boots)
Will    .....        (amulet unavailable) Stlth
                     (ring unavailable)
HPRegen 0.28/turn    (ring unavailable)
MPRegen 0.11/turn    (no gizmo)

%: no passive effects
@: drained, revved
A: off-hand wielding, slow wielding, warmup strikes, no jewellery
a: Invent Gizmo, Renounce Religion, Smiting


You were on level 6 of the Dungeon.
You worshipped Beogh.
Beogh was most pleased with you.
You visited 1 branch of the dungeon, and saw 7 of its levels.
You also visited: Sewer.

You collected 221 gold pieces.
You spent 101 gold pieces at shops.

Inventory:

Hand Weapons
 a - a +0 trident {Zola}
 x - a +1 vampiric trident (weapon) {Luis}
 E - a +4 spear of freezing (offhand) {Ning}
Missiles
 d - 2 throwing nets
 e - 5 javelins
Armour
 c - a +0 helmet (worn)
 f - a +0 chain mail (worn)
 g - a scarf of resistance (worn)
 y - a +0 pair of gloves (worn)
Scrolls
 b - 3 scrolls of enchant armour
 h - a scroll of identify
 j - a scroll of teleportation
 m - 4 scrolls of fog
 n - a scroll of amnesia
 r - a scroll of brand weapon {unknown}
 t - a scroll of blinking {unknown}
 u - a scroll of enchant weapon {unknown}
 v - 2 scrolls of immolation {unknown}
 w - 4 scrolls of fear {unknown}
 B - a scroll of poison {unknown}
Potions
 i - a potion of mutation {unknown}
 k - a potion of brilliance {unknown}
 l - 2 potions of might
 o - a potion of attraction {unknown}
 p - a potion of enlightenment {unknown}
 q - a potion of heal wounds {unknown}
 s - 3 potions of curing
 z - 2 potions of ambrosia {unknown}
 A - a potion of invisibility {unknown}
 C - a potion of lignification {unknown}


   Skills:
 + Level 3.3 Fighting
 * Level 9.2 Polearms
 - Level 1.7 Throwing
 - Level 1.0 Armour
 - Level 2.6 Dodging
 + Level 1.9 Invocations


You had 7 spell levels left.
You didn't know any spells.
Your spell library contained the following spells:

 Spells                   Type           Power      Damage    Failure   Level
 Apportation              Tloc           0%         N/A       99%         1
 Necrotise                Necr           0%         1d4       99%         1
 Sting                    Conj/Alch      0%         1d3       99%         1
 Summon Small Mammal      Summ           0%         N/A       99%         1
 Call Imp                 Summ           0%         N/A       100%        2
 Static Discharge         Conj/Air       0%         3-3/arc   100%        2
 Sublimation of Blood     Necr           0%         N/A       100%        2
 Frozen Ramparts          Ice            0%         1d1       100%        3
 Airstrike                Air            0%         2d(0-16)  100%        4
 Leda's Liquefaction      Alch/Erth      0%         N/A       100%        4
 Petrify                  Alch/Erth      0%         N/A       100%        4
 Summon Lightning Spire   Summ/Air       0%         N/A       100%        4
 Metabolic Englaciation   Hex/Ice        0%         N/A       100%        5
 Summon Hydra             Summ           0%         N/A       100%        7


Dungeon Overview and Level Annotations

Branches:
Dungeon (7/15)              Sewer (visited)
 Temple: D:4-7

Altars:
Fedhas
Kikubaaqudgha

Shops:
D:2 *   D:3 ?

Annotations:
D:4 Grinder


Innate Abilities, Weirdness & Mutations

Your facial features look somewhat orcish.
You can wield a second weapon in your off-hand.
It takes a long time for you to wield or remove held weapons.
Your first few attacks do less damage.
You cannot equip rings or amulets.


Message History

You hit Oreg with your +1 vampiric trident.
Oreg is severely wounded.
You hit Oreg but do no damage.
Oreg struggles against the net.
The net rips apart, and Oreg comes free!
You hit Oreg with your +4 spear of freezing.
Oreg is severely wounded.
You closely miss Oreg with your +1 vampiric trident.
Oreg hits you but does no damage.
You feel drained. Oreg gestures at you while chanting.
The blast of sand hits you!
* * * LOW HITPOINT WARNING * * *
Throw: dart (poison)
Press: ? - help, Q - select action, (/) - cycle Shift-Dir - straight line, f/p - Oreg
Aim: Oreg the orc apostle, wielding the +6 dagger "Sarcophage" {drain, rF+ rC+ Will+} and wearing a +2 robe of positive energy (severely wounded, fast, empowered by the touch of Beogh, 39% to hit)
You throw a poisoned dart. The poisoned dart misses Oreg.
You hit Oreg but do no damage.
Oreg is severely wounded.
You hit Oreg with your +4 spear of freezing.
You freeze Oreg.
Oreg points at you and mumbles some strange words.
The blast of sand hits you but does no damage.
You closely miss Oreg with your +1 vampiric trident.
Oreg is severely wounded.
You barely miss Oreg with your +4 spear of freezing.
Oreg gestures at you while chanting. The blast of sand misses you.
You barely miss Oreg with your +4 spear of freezing.
Oreg is severely wounded.
You barely miss Oreg with your +1 vampiric trident.
Oreg hits you with the +6 dagger "Sarcophage".
* * * LOW HITPOINT WARNING * * *
You feel drained.
You closely miss Oreg with your +1 vampiric trident.
Oreg is severely wounded.
You closely miss Oreg with your +4 spear of freezing.
Oreg hits you with the +6 dagger "Sarcophage"!
* * * LOW HITPOINT WARNING * * *
You feel drained.
You die...
Beogh appreciates Oreg's killing of a heretic priest.

#### ### .... #(.
### ## #(# #
######..## #.# ##
#..f.....####.#
.###.<...⌠.....#.#
..##........##..o#
...######..## #@#
.#.#.# ## #.##.#
.#...####+# #.##.#
#.# ..........#
#.##.# #.# #
.#....##### #.##.#
#.# # .#....# #.##.#
#.# ## ##.#..#
#.##.# #.# #.
#.#..##########.##.#
#.###.
#.#.............##.#
#.##..


You could see Oreg the orc apostle (fast, divinely empowered).

Vanquished Creatures
  A water moccasin (D:5)
  A black bear (D:5)
  An ogre (D:4)
  A centaur (D:5)
  A lemure (D:6)
  2 bullfrogs (Sewer)
  4 scorpions
  3 wights (D:7)
  A bombardier beetle (D:5)
  A gnoll bouda (D:3)
  2 jellies
  2 orc priests (D:5)
  3 orc wizards
  Robin (D:4)
  6 gnolls
  6 adders
  A river rat (D:5)
  A shadow imp (D:5)
  2 ufetubi (D:6)
  12 dart slugs
  2 ribbon worms
  11 orcs
  4 endoplasms
  17 giant cockroaches
  7 hobgoblins
  5 quokkas
  7 ball pythons
  3 bats
  13 frilled lizards
  11 goblins
  10 kobolds
  7 rats
149 creatures vanquished.

Vanquished Creatures (others)
  An orc (D:6)
1 creature vanquished.

Grand Total: 150 creatures vanquished

Notes
Turn   | Place    | Note
-------+----------+-------------------------------------------
     0 | D:1      | flinch the Coglin Gladiator began the quest for the Orb.
     0 | D:1      | Reached XP level 1. HP: 16/16 MP: 1/1
    49 | D:1      | Reached skill level 3 in Polearms
   160 | D:1      | Reached XP level 2. HP: 22/22 MP: 2/2
   216 | D:1      | You fall into a shaft and drop 1 floor!
   343 | D:2      | Found Xilauh's Assorted Antiques.
   357 | D:2      | Bought a grey potion for 23 gold pieces
   486 | D:1      | Reached XP level 3. HP: 27/27 MP: 3/3
  1392 | D:2      | Reached skill level 1 in Armour
  1674 | D:3      | Reached skill level 4 in Polearms
  1705 | D:3      | Reached XP level 4. HP: 33/33 MP: 4/4
  1966 | D:3      | HP: 1/33 [gnoll/+0 halberd[a gnoll bouda] (3)]
  1970 | D:3      | Reached XP level 5. HP: 14/38 MP: 5/5
  2132 | D:3      | Found Soemeen's Magic Scroll Shoppe.
  2450 | D:4      | Reached skill level 5 in Polearms
  2454 | D:4      | Became a worshipper of Beogh the Shepherd
  2565 | D:4      | Found an ancient bone altar of Kikubaaqudgha.
  2841 | D:4      | Noticed Robin
  2870 | D:4      | Killed Robin
  2998 | D:2      | Bought 3 scrolls labelled GOUNUY MIRAYFE for 78 gold pieces
  3088 | D:4      | Noticed an ogre
  3095 | D:4      | Killed an ogre
  3096 | D:4      | Reached skill level 6 in Polearms
  3096 | D:4      | Reached XP level 6. HP: 30/44 MP: 6/6
  3288 | D:4      | Noticed Grinder
  3300 | D:5      | Entered Level 5 of the Dungeon
  3313 | D:5      | Noticed a water moccasin
  3314 | D:5      | Noticed an ice beast
  3403 | D:5      | Noticed a black bear
  3411 | D:5      | Killed a black bear
  3411 | D:5      | Reached * piety under Beogh
  3413 | D:5      | Reached XP level 7. HP: 29/50 MP: 7/7
  3439 | D:5      | Found a blossoming altar of Fedhas.
  3451 | D:5      | Reached skill level 7 in Polearms
  3648 | D:5      | Reached skill level 8 in Polearms
  3671 | D:5      | Reached XP level 8. HP: 49/56 MP: 8/8
  3796 | D:5      | Found a glowing drain.
  3810 | Sewer    | Entered a sewer
  3844 | Sewer    | Reached ** piety under Beogh
  4075 | Sewer    | Reached skill level 1 in Invocations
  4845 | D:6      | Reached skill level 9 in Polearms
  5025 | D:7      | Reached *** piety under Beogh
  5051 | D:6      | Identified the +6 dagger "Sarcophage" {drain, rF+ rC+
                  | Will+}
  5051 | D:6      | Noticed Oreg
  5091 | D:6      | HP: 2/55 [Oreg the orc apostle/the +6 dagger "Sarcophage"
                  | {drain, rF+ rC+ Will+} (7)]
  5091 | D:6      | Slain by Oreg the orc apostle

Illustrated notes

Levels and vault maps discovered:
D:1:      matt_arrival_grand_opening, layout_loops_ring, minmay_door_square,
          minmay_tall_x
D:2:      layout_basic, serial_shops, shop
D:3:      layout_loops_ring, serial_shops, nicolae_shop_behind_doors,
          nicolae_eternal_life, nicolae_grassy_gnolls
D:4:      layout_basic, kiku_gazebo_pond_becter, mainiacjoe_overflow_alcove_4,
          minmay_misc_feat_square, minmay_misc_feat_hallway, uniq_grinder,
          uniq_robin
D:5:      layout_gridville, lemuel_crystal_altar, portal_sewer_entry_b
D:6:      layout_basic, minmay_temple_entry_mist, grunt_ministairs_14,
          uniq_pikel, uniq_blork_the_orc
D:7:      layout_cave_pools, grunt_dithmenos_shadows, general_overflow_altar,
          regret_index_xom_buried_treasure

Skill      XL: |  1  2  3  4  5  6  7  8 |
---------------+-------------------------+-----
Polearms       | 3 4 6 8 9 |  9.2
Armour         | 1 |  1.0
Invocations    | 1 |  1.9
Fighting       | 3 |  3.3
Throwing       | |  1.7
Dodging        | |  2.6

Action                     |  1- 3 |  4- 6 |  7- 9 || total
---------------------------+-------+-------+-------++-------
  Melee: Trident           |    59 |   132 |   358 ||   549
         Dagger            |     8 |       |       ||     8
         Spear             |    46 |    40 |    10 ||    96
  Throw: Javelin           |       |     2 |       ||     2
         Dart              |       |       |     2 ||     2
         Throwing net      |       |       |     1 ||     1
 Invoke: Convert to Beogh  |       |     1 |       ||     1
    Use: Potion            |       |     2 |       ||     2
         Scroll            |       |     3 |     2 ||     5
   Stab: Held in net/web   |       |       |     4 ||     4
 Armour: Leather armour    |     5 |       |       ||     5
         Chain mail        |    18 |    49 |   131 ||   198
  Dodge: Dodged            |     8 |    33 |    53 ||    94

Table legend: (Time is in decaauts)
 A = Elapsed time spent in this place.
 B = Non-inter-level travel time spent in this place.
 C = Inter-level travel time spent in this place.
 D = Time resting spent in this place.
 E = Time spent auto-exploring this place.
 F = Levels seen in this place.
 G = Mean time per level.
                   A        B        C        D        E       F      G
               +--------+--------+--------+--------+--------+-----+--------+
         Total |   5165 |   4946 |    219 |    694 |   2588 |   8 |  645.6 |
       Dungeon |   4573 |   4354 |    219 |    618 |   2475 |   7 |  653.3 |
         Sewer |    591 |    591 |      0 |     76 |    113 |   1 |  591.0 |
               +--------+--------+--------+--------+--------+-----+--------+

Top non-repeatable levels by time:
     D:2: 965 daAuts
     D:5: 888 daAuts
     D:3: 821 daAuts
     D:4: 763 daAuts
     D:1: 752 daAuts
   Sewer: 591 daAuts
     D:6: 349 daAuts
     D:7: 33 daAuts
